[Event "Titled Tuesday Blitz November 07 Early 2023"]
[White "Tsotsonava, Elene"]
[Black "FoxOnTheRun97"]
[WhiteFideId "13615939"]
[WhiteElo "2436"]
[BlackElo "2616"]
[Result "0-1"]
[Round "11"]
[TimeControl "180+1"]
[Date "2023.11.07"]
[WhiteClock "0:00:14"]
[BlackClock "0:00:04"]
[Board "64"]

1. g3 Nf6 2. Bg2 d5 3. d4 c6 4. Nf3 Bf5 5. O-O e6 6. c4 h6 7. b3 Be7 8. Nc3 O-O 9. a4 Na6 10. Ne5 Nb4 11. c5 a5 12. Bf4 b6 13. cxb6 Qxb6 14. Na2 Bc2 15. Qc1 Bxb3 16. Nxb4 Bxb4 17. Be3 Qa6 18. Qb2 Bc4 19. Nxc4 Qxc4 20. Rfc1 Qa6 21. Bf4 Rfc8 22. Be3 Rab8 23. Qc2 Bd6 24. Bf1 Rb6 25. Rab1 Rcb8 26. Rxb6 Rxb6 27. Bd2 Bb4 28. e4 Qb7 29. exd5 cxd5 30. Bd3 g5 31. Bb5 Bxd2 32. Qxd2 Ne4 33. Qe3 Rd6 34. f3 Nf6 35. Qe5 Qe7 36. Rc8+ Rd8 37. Rc7 Nd7 38. Qe1 Qd6 39. Qxa5 Nf6 40. Qc3 Rb8 41. Rc8+ Kg7 42. Rxb8 Qxb8 43. Kf2 Qb6 44. Qb4 g4 45. a5 Qc7 46. Qc5 Qxa5 47. fxg4 Ne4+ 0-1


[Site "https://www.chess.com"]

[Event "Titled Tuesday Blitz November 07 Early 2023"]
[White "Tregubov, Pavel V."]
[Black "FuenfgegenWilly"]
[WhiteFideId "4115341"]
[WhiteElo "2615"]
[BlackElo "2410"]
[Result "1-0"]
[Round "11"]
[TimeControl "180+1"]
[Date "2023.11.07"]
[WhiteClock "0:00:06"]
[BlackClock "0:00:12"]
[Board "65"]

1. e4 c5 2. Nf3 e6 3. c3 d5 4. e5 d4 5. d3 Nc6 6. g3 Nge7 7. Bg2 Ng6 8. Qe2 Be7 9. O-O O-O 10. h4 f6 11. exf6 Bxf6 12. c4 e5 13. Nbd2 Bg4 14. a3 Qd7 15. Qe1 a5 16. Ne4 Be7 17. Nh2 Bh3 18. h5 Nh8 19. h6 g6 20. Qe2 Bxg2 21. Kxg2 Nf7 22. Ng4 Nd6 23. Nxc5 Qf5 24. Ne4 Nxe4 25. Qxe4 Qxe4+ 26. dxe4 a4 27. Bd2 Bd6 28. f4 exf4 29. gxf4 Rac8 30. Rac1 Nd8 31. e5 Be7 32. Bb4 Bxb4 33. axb4 Ne6 34. Nf6+ Kh8 35. Kf3 Rc7 36. Ke4 Rfc8 37. c5 b6 38. Kd5 Rc6 39. Ne4 bxc5 40. Nd6 R8c7 41. Kxe6 c4 42. b5 a3 43. bxc6 axb2 44. Rxc4 1-0


[Site "https://www.chess.com"]

[Event "Titled Tuesday Blitz November 07 Early 2023"]
[White "Dishman, Stephen"]
[Black "GatoRojo150"]
[WhiteFideId "403024"]
[WhiteElo "2394"]
[BlackElo "2608"]
[Result "0-1"]
[Round "11"]
[TimeControl "180+1"]
[Date "2023.11.07"]
[WhiteClock "0:00:29"]
[BlackClock "0:01:07"]
[Board "66"]

1. d4 d5 2. c4 dxc4 3. Nf3 Nf6 4. e3 Bg4 5. Bxc4 e6 6. h3 Bh5 7. Nc3 Nc6 8. g4 Bg6 9. h4 Bb4 10. h5 Be4 11. g5 Nd5 12. Bd2 Bxc3 13. bxc3 h6 14. g6 Qf6 15. gxf7+ Qxf7 16. Be2 O-O 17. Rh3 e5 18. Qb3 exd4 19. cxd4 Kh8 20. O-O-O a5 21. Rg1 Ncb4 22. a4 Ra6 23. Rhg3 Rc6+ 24. Kb2 Rc2+ 25. Ka3 Ra2+ 26. Qxa2 Nxa2 27. Rxg7 Qxg7 28. Rxg7 Kxg7 29. Kxa2 Bxf3 0-1


[Site "https://www.chess.com"]

[Event "Titled Tuesday Blitz November 07 Early 2023"]
[White "Kanyamarala, Trisha"]
[Black "Shimanov, Aleksandr"]
[WhiteFideId "45004722"]
[BlackFideId "4198603"]
[WhiteElo "2506"]
[BlackElo "2910"]
[Result "0-1"]
[Round "11"]
[TimeControl "180+1"]
[Date "2023.11.07"]
[WhiteClock "0:00:00"]
[BlackClock "0:00:03"]
[Board "67"]

1. c4 e5 2. Nc3 Bb4 3. Nd5 Be7 4. g3 Nf6 5. Bg2 c6 6. Nxe7 Qxe7 7. d3 d6 8. Nf3 h6 9. O-O O-O 10. b4 a6 11. a4 Bg4 12. Ba3 Nbd7 13. b5 axb5 14. axb5 c5 15. Nd2 Rab8 16. Bb2 Nb6 17. Ra7 Nc8 18. Ra2 Qe6 19. Re1 Ne7 20. b6 Nc8 21. Qb3 Nd7 22. Ra7 Ndxb6 23. Rxb7 Rxb7 24. Bxb7 Qd7 25. Bg2 Qc7 26. Ne4 Ne7 27. Nc3 Rb8 28. Nb5 Qd7 29. Bc3 Nbc8 30. Qa2 Nc6 31. Qa4 N8e7 32. e3 h5 33. Qa1 h4 34. d4 f6 35. dxc5 dxc5 36. Qa3 h3 37. Be4 f5 38. Bc2 Nb4 39. Bxb4 cxb4 40. Qxb4 Rd8 41. c5 Kh8 42. Nd6 Nd5 43. Qb3 Bf3 44. e4 Bxe4 45. Bxe4 fxe4 46. Rxe4 Qe6 47. Rh4+ Kg8 48. Qd3 Nf6 49. Qg6 Ra8 50. Rxh3 Qxh3 51. Qf7+ Kh7 52. Qb3 Ra1+ 0-1


[Site "https://www.chess.com"]

[Event "Titled Tuesday Blitz November 07 Early 2023"]
[White "Hambleton, Aman"]
[Black "Hajiyev, Kanan"]
[WhiteFideId "2606577"]
[BlackFideId "13404148"]
[WhiteElo "2719"]
[BlackElo "2503"]
[Result "1-0"]
[Round "11"]
[TimeControl "180+1"]
[Date "2023.11.07"]
[WhiteClock "0:00:06"]
[BlackClock "0:00:00"]
[Board "68"]

1. d4 d5 2. Bf4 c5 3. e3 cxd4 4. exd4 Nc6 5. c3 Nf6 6. Nd2 Bg4 7. Qb3 Qb6 8. h3 Bf5 9. Ngf3 e6 10. Be2 Be7 11. O-O O-O 12. Rfe1 Rfc8 13. Qxb6 axb6 14. Ne5 Nxe5 15. Bxe5 Ne4 16. Nxe4 Bxe4 17. a3 h6 18. f3 Bc2 19. Kf2 Bb3 20. g4 f6 21. Bg3 Kf7 22. Bd3 g5 23. h4 Bc4 24. Bc2 Bb5 25. h5 Bd7 26. Bg6+ Kf8 27. Re3 Rc6 28. Rae1 Bd6 29. Bd3 Bxg3+ 30. Kxg3 Rd6 31. f4 gxf4+ 32. Kxf4 Ke7 33. Be2 Rg8 34. Bf3 Rg5 35. Ra1 Kf7 36. Rae1 Bc8 37. Bd1 Bd7 38. Bf3 Bc8 39. a4 Bd7 40. Bd1 Rc6 41. Bf3 Rc8 42. Bd1 Ra8 43. b3 Rag8 44. Bf3 e5+ 45. dxe5 fxe5+ 46. Rxe5 Bc6 47. Rf5+ Rxf5+ 48. gxf5 Rc8 49. b4 Bxa4 50. Bxd5+ Kf8 51. c4 Bc6 52. Be6 Ra8 53. Rg1 Ra2 54. f6 Rf2+ 55. Ke5 Re2+ 56. Kd6 Bg2 57. b5 Rd2+ 58. Kc7 Re2 59. Kd6 Rd2+ 60. Kc7 Re2 61. Bd5 Bxd5 62. cxd5 Kf7 63. Rg6 Re5 64. Rxh6 Rxd5 65. Kxb6 Rd7 66. Rh7+ 1-0


[Site "https://www.chess.com"]

[Event "Titled Tuesday Blitz November 07 Early 2023"]
[White "Pujari, Rucha"]
[Black "Preotu, Razvan"]
[WhiteFideId "5024528"]
[BlackFideId "2613280"]
[WhiteElo "2501"]
[BlackElo "2706"]
[Result "1/2-1/2"]
[Round "11"]
[TimeControl "180+1"]
[Date "2023.11.07"]
[WhiteClock "0:00:04"]
[BlackClock "0:00:05"]
[Board "69"]

1. d4 Nf6 2. c4 c5 3. d5 e6 4. Nc3 exd5 5. cxd5 d6 6. Nf3 g6 7. g3 Bg7 8. Bg2 O-O 9. O-O a6 10. a4 Re8 11. Bf4 Ne4 12. Nxe4 Rxe4 13. Nd2 Rxf4 14. gxf4 Bxb2 15. Nc4 Bxa1 16. Qxa1 Bg4 17. Re1 Qe7 18. e4 Nd7 19. h3 Bh5 20. e5 dxe5 21. fxe5 Rd8 22. e6 fxe6 23. Rxe6 Qg7 24. Qe1 Nf8 25. Re7 Qd4 26. Qe5 b5 27. axb5 axb5 28. d6 Qxe5 29. Nxe5 Rxd6 30. Rb7 b4 31. Bf1 g5 32. Bc4+ Kh8 33. Rc7 Rd1+ 34. Kg2 Rc1 35. Rxc5 Be2 36. Nf7+ Kg7 37. Rxg5+ Kf6 38. Bxe2 Kxf7 39. Rb5 Rb1 40. Bd3 Rb2 41. Kg3 Kf6 42. h4 h6 43. Rb6+ Ke5 44. Rxh6 Rb3 45. Rh5+ Kd4 46. Rf5 Rxd3+ 47. Kg4 Ne6 48. Rf6 Nc5 49. h5 Kc4 50. h6 Rd7 51. Rg6 Rb7 52. Rg7 Rb8 53. h7 Rh8 54. Kh5 b3 55. Rg1 b2 56. Kg6 Ne4 57. Kg7 Rxh7+ 58. Kxh7 Nxf2 59. Rb1 Kc3 60. Rxb2 Kxb2 1/2-1/2


[Site "https://www.chess.com"]

[Event "Titled Tuesday Blitz November 07 Early 2023"]
[White "Lehtosaari, Mauri"]
[Black "Ovetchkin, Roman"]
[WhiteFideId "501999"]
[BlackFideId "4119991"]
[WhiteElo "2500"]
[BlackElo "2669"]
[Result "0-1"]
[Round "11"]
[TimeControl "180+1"]
[Date "2023.11.07"]
[WhiteClock "0:00:36"]
[BlackClock "0:01:34"]
[Board "70"]

1. d4 Nf6 2. Nf3 g6 3. Bg5 Bg7 4. Nbd2 O-O 5. e3 b6 6. Bc4 Bb7 7. O-O c5 8. c3 d5 9. Bb5 Ne4 10. Bf4 Nd6 11. Bd3 Nd7 12. a4 a6 13. h3 Re8 14. Bxd6 exd6 15. Re1 c4 16. Bf1 Nf6 17. g3 Qd7 18. Bg2 Bc6 19. Qc2 b5 20. axb5 axb5 21. b4 Ra7 22. Rxa7 Qxa7 23. Nh2 h5 24. e4 dxe4 25. Nxe4 Bxe4 26. Rxe4 Nxe4 27. Bxe4 Qa1+ 28. Kg2 Qe1 29. Bd5 Re2 0-1


[Site "https://www.chess.com"]

[Event "Titled Tuesday Blitz November 07 Early 2023"]
[White "Kosteniuk, Alexandra"]
[Black "Lund, Gunnar"]
[WhiteFideId "4128125"]
[BlackFideId "1520814"]
[WhiteElo "2649"]
[BlackElo "2488"]
[Result "1/2-1/2"]
[Round "11"]
[TimeControl "180+1"]
[Date "2023.11.07"]
[WhiteClock "0:00:09"]
[BlackClock "0:00:12"]
[Board "71"]

1. f4 a6 2. Nf3 h6 3. e4 d6 4. d4 e6 5. Nc3 Nc6 6. Bd3 Bd7 7. O-O Qc8 8. d5 Nce7 9. dxe6 Bxe6 10. e5 d5 11. Nd4 g6 12. f5 Nxf5 13. Bxf5 gxf5 14. Nce2 Bc5 15. c3 Ne7 16. Ng3 Qd7 17. Nh5 O-O-O 18. Nf6 Qc6 19. Kh1 Bxd4 20. cxd4 Ng8 21. Nh5 Ne7 22. Be3 Kb8 23. Rc1 Qb5 24. Qd2 Rd7 25. Rf3 Nc6 26. Bf2 Qb4 27. Qxb4 Nxb4 28. Rb3 a5 29. a3 Na6 30. Nf6 Rdd8 31. Be1 c5 32. Bxa5 Rc8 33. dxc5 Nxc5 34. Rbc3 Ne4 35. Rxc8+ Rxc8 36. Rxc8+ Kxc8 37. Nh5 d4 38. Nf6 Nc5 39. Kg1 Nd7 40. Nxd7 Kxd7 41. Kf2 Kc6 42. Bd2 h5 43. Kf3 Kd5 44. Bf4 Kc4 45. Ke2 Bd5 46. g3 Be4 47. Kd2 Kb3 48. Kc1 b5 49. Bd2 Kc4 50. Bf4 Kd3 51. h4 Bd5 52. Bg5 Bb3 53. Bf4 Ke2 54. Bg5 d3 55. Bf4 Kf2 56. Kd2 Bc4 57. Kc3 Ke2 58. b3 Bd5 59. a4 bxa4 60. bxa4 Bb7 61. a5 Ba6 62. Bd2 Kf3 63. Bf4 Ke2 64. Bg5 Kd1 65. Be3 Ke2 66. Bf4 Kf3 67. Kd2 Ke4 68. Kc3 Kf3 69. Kd2 Ke4 70. Ke1 Kd4 71. Kd1 Kc3 72. Bd2+ Kd4 73. Bf4 Bb5 74. Kc1 Kc3 75. Kd1 Kb4 76. Kd2 Kxa5 77. Be3 Kb4 78. Bf4 Kc4 79. Be3 Kd5 80. Bf4 Ke4 81. Kd1 Ba4+ 82. Kd2 Bb3 83. Ke1 Kf3 84. Kd2 Bc4 85. Kc3 Ke2 86. Bd2 Be6 87. Bf4 Bc8 88. Bg5 Ba6 89. Bf4 Kf3 90. Kd2 Ke4 91. Ke1 Kd4 92. Kd2 Kc4 93. Kc1 Kc3 94. Bd2+ Kd4 95. Bf4 Ke4 96. Kd2 Bb5 97. Ke1 Kf3 98. Kd2 Kf2 99. Kd1 Ba4+ 100. Kd2 Bc2 101. Kc1 Ke2 102. Bd2 Ba4 103. Bf4 Bb5 104. Bg5 Bc6 105. Bf4 Bd5 106. Bg5 Kf3 107. Bf4 Ke2 108. Bg5 Be6 109. Bf4 Ke1 110. Bg5 Bb3 111. Bf4 Ba4 112. Bg5 Bb5 113. Bf4 Ke2 114. Bg5 Bc6 115. Bf4 Bb5 1/2-1/2


[Site "https://www.chess.com"]

[Event "Titled Tuesday Blitz November 07 Early 2023"]
[White "lagunanivaria"]
[Black "Adla, Diego"]
[BlackFideId "100072"]
[WhiteElo "2474"]
[BlackElo "2641"]
[Result "0-1"]
[Round "11"]
[TimeControl "180+1"]
[Date "2023.11.07"]
[WhiteClock "0:01:27"]
[BlackClock "0:00:53"]
[Board "72"]

1. e4 e5 2. Nf3 Nc6 3. Bb5 a6 4. Ba4 Nf6 5. O-O Bc5 6. Nxe5 Nxe5 7. d4 b5 8. dxc5 bxa4 9. Nc3 Bb7 10. Bf4 Ng6 11. Bg3 O-O 12. Re1 Re8 13. e5 Ne4 14. Nxe4 Nxe5 15. Qh5 Ng6 16. Ng5 h6 17. Nf3 Qf6 18. c3 a3 19. bxa3 Qxc3 20. Bxc7 Bxf3 21. Rec1 Qxc1+ 22. Rxc1 Bxh5 23. f3 Ne5 24. Rc3 Bg6 25. a4 Nd3 26. h3 Rac8 27. Bd6 Re6 28. Rb3 Nxc5 29. Bxc5 Rxc5 30. Rb7 Rc2 31. Rxd7 Ree2 32. g4 Rxa2 33. h4 h5 34. a5 Rxa5 35. gxh5 Bxh5 36. f4 Ra4 37. f5 Rxh4 38. f6 gxf6 39. Rd8+ Kg7 40. Rd3 Ra4 41. Rg3+ Rg4 42. Kf1 Re1+ 43. Kxe1 Rxg3 44. Kf2 Rf3+ 45. Kg2 a5 46. Kg1 a4 47. Kg2 a3 48. Kh2 a2 49. Kg2 Rb3 50. Kf2 Kg6 51. Ke1 Kf5 52. Kd2 Ke4 53. Kc2 Rb7 54. Kc3 f5 55. Kc4 f4 56. Kc5 Rb2 57. Kc6 Rd2 58. Kb5 a1=Q 59. Kb4 f3 60. Kb3 f2 61. Kc4 Ke3 62. Kb4 f5 63. Kc5 f4 64. Kc6 f3 65. Kc7 f1=Q 66. Kb8 Qe2 67. Kc7 f2 68. Kb6 f1=Q 69. Kc5 Qa5+ 70. Kc6 Qf6+ 71. Kb7 Qd5+ 72. Ka7 Ra2+ 73. Kb8 Qdb5+ 74. Kc7 Qc2# 0-1


[Site "https://www.chess.com"]

[Event "Titled Tuesday Blitz November 07 Early 2023"]
[White "Tasev, Dejan"]
[Black "Devaev, Alexander"]
[WhiteFideId "936618"]
[BlackFideId "4169395"]
[WhiteElo "2599"]
[BlackElo "2476"]
[Result "1/2-1/2"]
[Round "11"]
[TimeControl "180+1"]
[Date "2023.11.07"]
[WhiteClock "0:00:35"]
[BlackClock "0:00:09"]
[Board "73"]

1. e4 c6 2. d4 d5 3. Nc3 dxe4 4. Nxe4 Bf5 5. Ng3 Bg6 6. Nf3 Nd7 7. Bc4 e6 8. Bb3 Bd6 9. c3 Ngf6 10. Qe2 Qc7 11. O-O O-O 12. Nh4 Rfe8 13. Nxg6 hxg6 14. Qf3 c5 15. dxc5 Nxc5 16. Bc2 Rad8 17. Bg5 Be7 18. Rad1 Nd5 19. Bc1 Nf6 20. Rxd8 Rxd8 21. Rd1 Rxd1+ 22. Qxd1 a5 23. Nf1 Bd6 24. g3 Nd5 25. Ne3 Nxe3 26. Bxe3 b6 27. Qf3 Qc8 28. h4 Nd7 29. h5 gxh5 30. Qxh5 Nf6 31. Qf3 Bc5 32. Bg5 Be7 33. Bf4 Nd5 34. Bd2 Bc5 35. a4 Nf6 36. Qd3 Qc7 37. Bf4 e5 38. Be3 Bxe3 39. Qxe3 g6 40. Bb3 Kg7 41. Qf3 e4 42. Qe3 Qd6 43. Kg2 Qc6 44. Kg1 Qd6 45. Kf1 Qc6 46. Qd4 Kf8 47. Ke2 Ke7 48. Qe5+ Kf8 49. Qb8+ Kg7 50. Qa7 Nd7 51. Ke1 Ne5 52. Qe7 Qc5 53. Qxc5 bxc5 54. Bc2 f5 55. Kd2 Kf6 56. b3 Nc6 57. Bd1 Ke5 58. Be2 g5 59. Bb5 Ne7 60. Bc4 f4 61. gxf4+ gxf4 62. Ke2 Nc6 63. Bb5 Ne7 64. Bc4 Nc6 65. Bb5 Ne7 66. Bc4 1/2-1/2


[Site "https://www.chess.com"]

[Event "Titled Tuesday Blitz November 07 Early 2023"]
[White "Herzog2012"]
[Black "ploxoi"]
[WhiteElo "2574"]
[BlackElo "2470"]
[Result "0-1"]
[Round "11"]
[TimeControl "180+1"]
[Date "2023.11.07"]
[WhiteClock "0:00:02"]
[BlackClock "0:00:25"]
[Board "74"]

1. d4 d5 2. c4 e6 3. Nc3 c6 4. Nf3 dxc4 5. a4 Bb4 6. e4 b5 7. axb5 cxb5 8. Be2 Bb7 9. Qc2 a6 10. O-O Nf6 11. e5 Nd5 12. Ne4 h6 13. Bd2 Be7 14. Ba5 Qd7 15. b3 cxb3 16. Qxb3 Nc6 17. Bd2 O-O 18. Rfc1 Rfc8 19. Rc2 Ncb4 20. Rxc8+ Rxc8 21. Nc5 Bxc5 22. dxc5 Nc6 23. Rc1 Qc7 24. Qb2 Rd8 25. Bd3 Ndb4 26. Bb1 a5 27. Bf4 Ne7 28. Qe2 Bc6 29. Nh4 Ned5 30. Bd2 Qb7 31. Qg4 Kf8 32. Qh5 Ke7 33. Qg4 Kf8 34. Qh5 Ne7 35. Bxh6 gxh6 36. Qxh6+ Ke8 37. Qf6 Nbd5 38. Qg7 a4 39. Nf3 b4 40. Ng5 Kd7 41. Qxf7 Nc7 42. Rd1+ Bd5 43. Be4 Qc6 44. Bxd5 Nxd5 45. Qg7 b3 46. Ne4 a3 47. Nf6+ Kc8 48. Ne4 b2 49. Nd6+ Kd7 50. Qg3 a2 51. Qb3 b1=Q 52. Rxb1 axb1=Q+ 53. Qxb1 Ra8 54. g4 Ra4 55. Qh7 Rxg4+ 56. Kf1 Qa6+ 57. Ke1 Rg1+ 58. Kd2 Qa2+ 59. Kd3 Qb1+ 60. Kc4 Qxh7 61. Kb5 Qb1+ 62. Kc4 Qa2+ 63. Kb5 Rb1# 0-1


[Site "https://www.chess.com"]

[Event "Titled Tuesday Blitz November 07 Early 2023"]
[White "Gontcharov, Vladislav"]
[Black "Filip, Andrei"]
[WhiteFideId "4123492"]
[BlackFideId "1249452"]
[WhiteElo "2557"]
[BlackElo "2458"]
[Result "1/2-1/2"]
[Round "11"]
[TimeControl "180+1"]
[Date "2023.11.07"]
[WhiteClock "0:00:18"]
[BlackClock "0:00:04"]
[Board "75"]

1. d4 Nf6 2. c4 e6 3. Nc3 d5 4. cxd5 exd5 5. Bg5 c6 6. e3 Be7 7. Bd3 O-O 8. Nge2 Nbd7 9. O-O Re8 10. Qc2 Nf8 11. a3 Bg4 12. f3 Bh5 13. e4 dxe4 14. fxe4 Bxe2 15. Nxe2 Nxe4 16. Be3 Bg5 17. Bxe4 Bxe3+ 18. Kh1 Qh4 19. Bf3 Ne6 20. Qb3 Nxd4 21. Nxd4 Bxd4 22. g3 Qh6 23. Qxb7 Rab8 24. Qxc6 Qxc6 25. Bxc6 Re2 26. Rad1 Bxb2 27. Bd5 Bf6 28. Rb1 Rxb1 29. Rxb1 g6 30. Rb7 Re7 31. Rb8+ Kg7 32. a4 Bd4 33. Kg2 g5 34. h3 h5 35. g4 h4 36. Bc4 Be5 37. Rb5 Bf4 38. Rf5 Rc7 39. Bd5 Rc2+ 40. Kf1 f6 41. Bg2 Rc1+ 42. Ke2 Rc2+ 43. Kf1 Rc7 44. Ra5 Be3 45. Rb5 Rc2 46. Rb7+ Kf8 47. Bd5 Bb6 48. Rf7+ Ke8 49. Rxf6 Rc3 50. Bg2 Rc1+ 51. Ke2 Rc2+ 52. Kf1 Ke7 53. Rf5 Ke6 54. Bd5+ Kd6 55. Rxg5 Rf2+ 56. Ke1 Rh2 57. Bb7 Rxh3 58. Rh5 Rh2 59. a5 Bd4 60. g5 Bc3+ 61. Kf1 Bxa5 62. g6 Bc3 63. Rd5+ Ke6 64. Rh5 Rd2 65. Be4 Bg7 66. Rxh4 Kf6 67. Bg2 Kg5 68. Ra4 Kxg6 69. Ra6+ Kg5 70. Rxa7 Bd4 71. Ra4 Rf2+ 72. Ke1 Rxg2 73. Rxd4 Rg4 74. Rxg4+ Kxg4 1/2-1/2


[Site "https://www.chess.com"]

[Event "Titled Tuesday Blitz November 07 Early 2023"]
[White "Gavrilov, Maxim"]
[Black "Shishkov, Andrei"]
[WhiteFideId "24271454"]
[BlackFideId "4500563"]
[WhiteElo "2553"]
[BlackElo "2457"]
[Result "0-1"]
[Round "11"]
[TimeControl "180+1"]
[Date "2023.11.07"]
[WhiteClock "0:00:00"]
[BlackClock "0:00:12"]
[Board "76"]

1. d4 Nf6 2. c4 e6 3. Nc3 Bb4 4. Nf3 b6 5. e3 Bb7 6. Bd3 c5 7. O-O O-O 8. Bd2 Bxc3 9. Bxc3 Ne4 10. Be1 f5 11. Nd2 Qf6 12. Nxe4 fxe4 13. Be2 cxd4 14. Qxd4 Qxd4 15. exd4 Nc6 16. Bc3 d5 17. Rae1 Rad8 18. Bg4 Rf6 19. f3 dxc4 20. d5 exd5 21. Bxf6 gxf6 22. fxe4 d4 23. Be6+ Kg7 24. Bxc4 Ne5 25. Bb5 a6 26. Be2 d3 27. Bh5 d2 28. Re3 Nc4 29. Rg3+ Kh6 30. Be2 Bxe4 31. Bxc4 d1=Q 32. Rxd1 Rxd1+ 33. Kf2 b5 34. Be2 Rb1 35. b3 Rb2 36. Ke3 Bg6 37. h4 Rxa2 38. h5 Bf7 39. Rf3 Kg5 40. Rg3+ Kh6 41. Rf3 Bxh5 42. Rh3 Rxe2+ 43. Kd3 Re5 44. g4 Kg6 45. gxh5+ Rxh5 46. Rg3+ Rg5 47. Re3 Re5 48. Rg3+ Kf7 49. Kd4 h5 50. b4 Rg5 51. Rh3 Kg6 52. Rh1 Rg4+ 53. Kc5 Rc4+ 54. Kb6 Rxb4 55. Kxa6 h4 56. Ka5 Rg4 57. Kxb5 Rd4 58. Kc5 Re4 59. Kd5 f5 60. Rg1+ Kh5 61. Rg8 h3 62. Rg7 Kh4 63. Rg8 h2 64. Rh8+ Kg3 65. Rg8+ Rg4 66. Rh8 Rh4 67. Rg8+ Kf4 68. Rg1 hxg1=Q 0-1


[Site "https://www.chess.com"]

[Event "Titled Tuesday Blitz November 07 Early 2023"]
[White "ExchangeAB"]
[Black "Lymar, Vladislav"]
[BlackFideId "14162180"]
[WhiteElo "2446"]
[BlackElo "2538"]
[Result "0-1"]
[Round "11"]
[TimeControl "180+1"]
[Date "2023.11.07"]
[WhiteClock "0:01:15"]
[BlackClock "0:00:06"]
[Board "77"]

1. Nf3 d6 2. e3 e5 3. d4 Nd7 4. c4 Ngf6 5. Nc3 Be7 6. dxe5 dxe5 7. Bd3 Nc5 8. Bc2 Qxd1+ 9. Nxd1 e4 10. Nd4 O-O 11. h3 a5 12. O-O a4 13. Nc3 Bd6 14. Rb1 Be5 15. b4 axb3 16. axb3 Rd8 17. b4 Ne6 18. Nxe6 Bxe6 19. Nxe4 Bxc4 20. Nxf6+ Bxf6 21. Rd1 Rxd1+ 22. Bxd1 Ba2 23. Rb2 Bxb2 24. Bxb2 Bc4 25. Bf3 c6 26. Bd4 Ra4 27. Bc5 f6 28. g4 Bd5 29. e4 Bc4 30. Kg2 Kf7 31. h4 b6 32. Bd6 Ra3 33. e5 Bf1+ 34. Kxf1 Rxf3 35. exf6 gxf6 36. Bc7 c5 37. bxc5 bxc5 38. Ke2 Rh3 39. h5 Ke6 40. Bg3 f5 41. Kf3 Rh1 42. Kf4 fxg4 43. Kxg4 c4 44. Kg5 c3 45. Bf4 Kf7 46. Kh6 Kg8 47. Be3 c2 48. f4 c1=Q 49. Bxc1 Rxc1 50. f5 Rc6+ 51. Kg5 Kf7 52. h6 Rd6 0-1


[Site "https://www.chess.com"]

[Event "Titled Tuesday Blitz November 07 Early 2023"]
[White "Slade, Theodore"]
[Black "crazy_m_attack"]
[WhiteFideId "426547"]
[WhiteElo "2538"]
[BlackElo "2442"]
[Result "0-1"]
[Round "11"]
[TimeControl "180+1"]
[Date "2023.11.07"]
[WhiteClock "0:00:44"]
[BlackClock "0:01:33"]
[Board "78"]

1. d4 Nf6 2. c4 e6 3. g3 d5 4. Bg2 Be7 5. Nf3 O-O 6. O-O dxc4 7. Qc2 a6 8. a4 Bd7 9. Qxc4 Bc6 10. Bf4 Bd6 11. Nc3 Nbd7 12. a5 Nd5 13. Bg5 Be7 14. Bxe7 Qxe7 15. Nxd5 exd5 16. Qc2 Rfe8 17. Rfe1 Qd6 18. Rac1 Rac8 19. Bh3 Qh6 20. Ne5 Qxh3 21. Nxc6 bxc6 22. Qxc6 Nf6 23. f3 Re6 24. Qb7 Rce8 25. Rxc7 Rxe2 26. Rxe2 Rxe2 27. Qc8+ Qxc8 28. Rxc8+ Ne8 29. Kf1 Re6 30. Rd8 Kf8 31. Rxd5 Rd6 32. Rxd6 Nxd6 33. Ke2 Ke7 34. Kd3 Nb5 35. Kc4 Kd6 36. g4 g5 37. b3 Nc7 38. b4 Nb5 39. d5 h6 40. h3 f6 0-1


[Site "https://www.chess.com"]

[Event "Titled Tuesday Blitz November 07 Early 2023"]
[White "Alinasab, Mobina"]
[Black "Todorovic, Bojan"]
[WhiteFideId "12528897"]
[BlackFideId "917087"]
[WhiteElo "2531"]
[BlackElo "2430"]
[Result "0-1"]
[Round "11"]
[TimeControl "180+1"]
[Date "2023.11.07"]
[WhiteClock "0:00:00"]
[BlackClock "0:01:45"]
[Board "79"]

1. e4 g6 2. d4 Bg7 3. Nc3 d6 4. f4 a6 5. Nf3 Nd7 6. e5 b5 7. e6 fxe6 8. Ng5 Nf8 9. Qf3 Rb8 10. Be3 Nf6 11. O-O-O Bb7 12. Qh3 b4 13. Ne2 Bd5 14. Kb1 Qd7 15. Nc1 Qc6 16. Rg1 Ne4 17. Nxe4 Bxe4 18. g4 Qxc2+ 0-1


[Site "https://www.chess.com"]

[Event "Titled Tuesday Blitz November 07 Early 2023"]
[White "Manukian, Artak"]
[Black "Slovineanu, Viacheslav"]
[WhiteFideId "13301373"]
[BlackFideId "13900510"]
[WhiteElo "2520"]
[BlackElo "2424"]
[Result "1-0"]
[Round "11"]
[TimeControl "180+1"]
[Date "2023.11.07"]
[WhiteClock "0:00:23"]
[BlackClock "0:00:08"]
[Board "80"]

1. e4 c6 2. d4 d5 3. e5 Bf5 4. c4 e6 5. Nc3 Bb4 6. Qb3 a5 7. a3 dxc4 8. Bxc4 Bxc3+ 9. bxc3 b5 10. Be2 a4 11. Qb2 Ne7 12. Nf3 Nd7 13. O-O Nb6 14. Bg5 h6 15. Bh4 O-O 16. Rfd1 Re8 17. Bg3 Bg4 18. h3 Bxf3 19. Bxf3 Nc4 20. Qe2 Nd5 21. Qd3 Nb2 22. Qc2 Nxd1 23. Rxd1 Qe7 24. Qb2 Rec8 25. Be2 Nb6 26. Ra1 Rab8 27. Bd3 Nc4 28. Qc1 c5 29. Qf4 cxd4 30. cxd4 Nxa3 31. Qe4 g6 32. Bh4 Qf8 33. Bf6 Rc3 34. h4 h5 35. d5 exd5 36. Qxd5 b4 37. Bxg6 Rbc8 38. e6 fxg6 39. Bxc3 bxc3 40. Rxa3 c2 41. Rc3 Rxc3 42. e7+ Kh7 43. exf8=Q c1=Q+ 44. Kh2 Rc7 45. Qdg8# 1-0


[Site "https://www.chess.com"]

[Event "Titled Tuesday Blitz November 07 Early 2023"]
[White "Soumya, Swaminathan"]
[Black "Toktomushev, Teimur"]
[WhiteFideId "5016193"]
[BlackFideId "14176726"]
[WhiteElo "2413"]
[BlackElo "2519"]
[Result "1-0"]
[Round "11"]
[TimeControl "180+1"]
[Date "2023.11.07"]
[WhiteClock "0:00:03"]
[BlackClock "0:00:00"]
[Board "81"]

1. e4 c5 2. Nf3 e6 3. d4 cxd4 4. Nxd4 a6 5. Bd3 Bc5 6. Nb3 Ba7 7. Qg4 Nf6 8. Qg3 d6 9. Nc3 Nc6 10. Bg5 O-O 11. O-O-O Nh5 12. Qh4 f6 13. Qxh5 fxg5 14. e5 g6 15. Bxg6 hxg6 16. Qxg6+ Kh8 17. Rd3 Bxf2 18. Ne4 Nxe5 19. Rh3+ Bh4 20. Qh6+ Kg8 21. g3 d5 22. gxh4 dxe4 23. hxg5 Qe7 24. Qh8+ Kf7 25. Rh7+ Kg6 26. Rh6+ Kf7 27. Qxe5 Rg8 28. Rh7+ Ke8 29. Rf1 Qxh7 30. Rf6 Qe7 31. Nd4 Bd7 32. g6 Rc8 33. Nxe6 Rh8 34. Ng7+ 1-0


[Site "https://www.chess.com"]

[Event "Titled Tuesday Blitz November 07 Early 2023"]
[White "Santos Flores, Alberto"]
[Black "UK_23"]
[WhiteFideId "3601234"]
[WhiteElo "2513"]
[BlackElo "2403"]
[Result "1-0"]
[Round "11"]
[TimeControl "180+1"]
[Date "2023.11.07"]
[WhiteClock "0:00:34"]
[BlackClock "0:00:53"]
[Board "82"]

1. e4 e5 2. Nf3 Nc6 3. Bc4 Nf6 4. d3 Be7 5. O-O O-O 6. c3 d5 7. exd5 Nxd5 8. Re1 Bg4 9. Nbd2 Nb6 10. Bb5 f6 11. Ne4 Kh8 12. Ng3 Qd7 13. h3 Be6 14. d4 Rad8 15. Qe2 Bd5 16. dxe5 a6 17. Bxc6 Bxc6 18. e6 Qd5 19. Bf4 Rc8 20. Rad1 Qa5 21. a3 Nd5 22. Bd2 Qa4 23. Nf5 Rfe8 24. N3d4 Rcd8 25. Qg4 g6 26. Nxe7 Rxe7 27. Qh4 Rf8 28. Bh6 g5 29. Bxf8 gxh4 30. Bxe7 Nxe7 31. Nxc6 Qxc6 32. Rd7 Qc5 33. b4 Qxc3 34. Re3 Qc1+ 35. Kh2 Nf5 36. e7 Nxe7 37. Rdxe7 Kg8 38. R7e4 Kf7 39. Rxh4 h5 40. Rxh5 Kg6 41. Rh4 c5 42. Rf4 cxb4 43. axb4 Qc7 44. g3 Qc2 45. Ref3 f5 46. Rxf5 Qxf5 47. Rxf5 Kxf5 48. Kg2 b6 49. Kf3 a5 50. bxa5 bxa5 51. Ke3 a4 52. Kd3 a3 53. Kc3 1-0


[Site "https://www.chess.com"]